[Event "Titled Tuesday Blitz August 22 Early 2023"]
[White "Pein, Jonathan"]
[Black "Latreche, Khadidja"]
[WhiteFideId "417092"]
[BlackFideId "7901780"]
[WhiteElo "2427"]
[BlackElo "2085"]
[Result "0-1"]
[Round "2"]
[TimeControl "180+1"]
[Date "2023.08.22"]
[WhiteClock "0:01:21"]
[BlackClock "0:00:24"]
[Board "259"]

1. e4 c5 2. Nc3 e6 3. Nge2 Nc6 4. d4 cxd4 5. Nxd4 Qc7 6. Be3 a6 7. Nxc6 dxc6 8. Bd3 Nf6 9. Qf3 e5 10. h4 Bb4 11. Qg3 g6 12. a3 Be7 13. Rd1 Be6 14. Kf1 O-O-O 15. Ba7 b5 16. Be3 Ng4 17. Bd2 f5 18. f3 f4 19. Qe1 Nf6 20. a4 Nh5 21. axb5 Ng3+ 22. Kg1 Bc5+ 23. Kh2 Qe7 24. Qxg3 fxg3+ 25. Kxg3 cxb5 26. Bg5 Qf7 27. Bxd8 Qf4# 0-1


[Site "https://www.chess.com"]

[Event "Titled Tuesday Blitz August 22 Early 2023"]
[White "Sericano, Claudio"]
[Black "Baghdasaryan, Vahe"]
[WhiteFideId "800473"]
[BlackFideId "13303139"]
[WhiteElo "2057"]
[BlackElo "2426"]
[Result "0-1"]
[Round "2"]
[TimeControl "180+1"]
[Date "2023.08.22"]
[WhiteClock "0:00:07"]
[BlackClock "0:00:18"]
[Board "260"]

1. e4 e5 2. Nf3 Nc6 3. Bb5 a6 4. Ba4 Nf6 5. O-O Be7 6. d4 Nxd4 7. Nxd4 exd4 8. e5 Nd5 9. Qxd4 c6 10. Bb3 Nc7 11. Nc3 Ne6 12. Qg4 O-O 13. Bh6 Ng5 14. Bxg5 Bxg5 15. Ne4 Be7 16. Nd6 Bxd6 17. exd6 Qf6 18. Rad1 Qxb2 19. Rfe1 b5 20. Re7 c5 21. Rxf7 Rxf7 22. Qf3 c4 23. Qxa8 Rf8 24. Bxc4+ bxc4 25. Qd5+ Kh8 26. Qxc4 Qf6 27. f3 Bb7 28. Qc7 Bc6 29. c4 Bxf3 30. Rf1 Qd4+ 31. Kh1 Bxg2+ 32. Kxg2 Qg4+ 0-1


[Site "https://www.chess.com"]

[Event "Titled Tuesday Blitz August 22 Early 2023"]
[White "Gyulamiryan-koryun"]
[Black "Bueno, Alfeu Junior Varela"]
[BlackFideId "2108879"]
[WhiteElo "2034"]
[BlackElo "2426"]
[Result "0-1"]
[Round "2"]
[TimeControl "180+1"]
[Date "2023.08.22"]
[WhiteClock "0:01:18"]
[BlackClock "0:02:10"]
[Board "261"]

1. c4 e5 2. Nc3 Nc6 3. Nf3 Bb4 4. Nd5 d6 5. g3 f5 6. Nxb4 Nxb4 7. d3 Nf6 8. Bg2 O-O 9. O-O Kh8 10. a3 Nc6 11. b4 Qe8 12. b5 Ne7 13. Bb2 Qh5 14. a4 f4 15. Nd2 Bh3 16. d4 Ng4 17. Nf3 fxg3 18. hxg3 Bxg2 19. Kxg2 Rxf3 20. Kxf3 Rf8+ 0-1


[Site "https://www.chess.com"]

[Event "Titled Tuesday Blitz August 22 Early 2023"]
[White "Rozhkov, Viacheslav"]
[Black "Chen, Minda"]
[WhiteFideId "4181484"]
[BlackFideId "30937000"]
[WhiteElo "2425"]
[BlackElo "2027"]
[Result "0-1"]
[Round "2"]
[TimeControl "180+1"]
[Date "2023.08.22"]
[WhiteClock "0:01:38"]
[BlackClock "0:00:53"]
[Board "262"]

1. e4 c5 2. Nf3 e6 3. d4 cxd4 4. Nxd4 a6 5. Bd3 Qc7 6. O-O Nf6 7. c4 Nc6 8. Nxc6 dxc6 9. Qe2 e5 10. Nc3 Be6 11. Be3 Ng4 12. Bd2 Bc5 13. h3 Nf6 14. Be3 Be7 15. Rad1 O-O 16. f4 exf4 17. Bxf4 Qb6+ 18. Kh1 Qa5 19. e5 Nd7 20. Rde1 Rfd8 21. b4 Bxb4 22. Ne4 Bxe1 23. Ng5 Nf8 24. Rxe1 Rxd3 0-1


[Site "https://www.chess.com"]

[Event "Titled Tuesday Blitz August 22 Early 2023"]
[White "Zepeda Berlanga, Jan Enrique"]
[Black "Tomaszewski, Kacper"]
[WhiteFideId "5132355"]
[BlackFideId "1127373"]
[WhiteElo "2001"]
[BlackElo "2425"]
[Result "0-1"]
[Round "2"]
[TimeControl "180+1"]
[Date "2023.08.22"]
[WhiteClock "0:00:13"]
[BlackClock "0:00:15"]
[Board "263"]

1. c4 c6 2. Nf3 Nf6 3. Nc3 a6 4. e4 d5 5. e5 Ne4 6. d4 Bg4 7. Bd3 Nxc3 8. bxc3 dxc4 9. Bxc4 e6 10. h3 Bh5 11. O-O Nd7 12. a4 Nb6 13. Be2 Nd5 14. a5 Nxc3 15. Qd3 Nxe2+ 16. Qxe2 Bxf3 17. Qxf3 Qxd4 18. Be3 Qxe5 19. Rfb1 Bd6 20. g3 Qd5 21. Qg4 Be5 22. Ra3 O-O 23. Rxb7 Rab8 24. Rb6 c5 25. Qe2 Bd4 26. Qxa6 Bxe3 27. Rxe3 c4 28. Rc3 Rbc8 29. Rb2 h5 30. Qb7 Qxa5 31. Rbc2 Qd5 32. Qb4 Rb8 33. Qxc4 Rb1+ 34. Rc1 Rxc1+ 35. Rxc1 g6 36. Qxd5 exd5 37. Rd1 Rd8 38. f4 Kg7 39. Kf2 Kf6 40. Ke3 Ke6 41. g4 hxg4 42. hxg4 Ra8 43. Rd3 Ra4 44. Kf3 Kd6 45. f5 g5 46. Kg3 Rf4 47. Rd2 d4 48. Rf2 Rxf2 49. Kxf2 Ke5 50. Kf3 f6 51. Kf2 Ke4 52. Ke2 Kf4 53. Kd3 Kxg4 54. Kxd4 Kxf5 55. Ke3 Ke5 56. Kf3 f5 57. Kf2 g4 58. Kg3 Ke4 59. Kg2 f4 60. Kf2 f3 61. Kg1 g3 62. Kf1 Ke3 63. Kg1 g2 64. Kh2 Kf2 65. Kh3 g1=Q 0-1


[Site "https://www.chess.com"]

[Event "Titled Tuesday Blitz August 22 Early 2023"]
[White "Goldin, Roman"]
[Black "cthake"]
[WhiteFideId "2803860"]
[WhiteElo "2421"]
[BlackElo "1830"]
[Result "1-0"]
[Round "2"]
[TimeControl "180+1"]
[Date "2023.08.22"]
[WhiteClock "0:00:39"]
[BlackClock "0:00:42"]
[Board "265"]

1. e4 c5 2. Nf3 Nc6 3. c3 g6 4. d4 cxd4 5. cxd4 Bg7 6. d5 Ne5 7. Nc3 d6 8. Bb5+ Bd7 9. a4 Nxf3+ 10. Qxf3 a6 11. Bd3 Nf6 12. h3 O-O 13. O-O Rc8 14. Be3 Qa5 15. Rfc1 Rc7 16. Qe2 Rfc8 17. Rcb1 Ne8 18. b4 Bxc3 19. bxa5 Bxa1 20. Rxa1 Rc3 21. Bd4 R3c7 22. Qd2 Nf6 23. Bxf6 exf6 24. Qf4 Kg7 25. Qxd6 Be8 26. Kh2 h5 27. Rb1 Bxa4 28. Rb6 Rc5 29. Qxf6+ Kh6 30. Qxf7 Be8 31. Rxg6# 1-0


[Site "https://www.chess.com"]

[Event "Titled Tuesday Blitz August 22 Early 2023"]
[White "Bauman_Guy"]
[Black "Nakamura, Hikaru"]
[BlackFideId "2016192"]
[WhiteElo "2802"]
[BlackElo "3224"]
[Result "1/2-1/2"]
[Round "3"]
[TimeControl "180+1"]
[Date "2023.08.22"]
[WhiteClock "0:01:19"]
[BlackClock "0:00:53"]
[Board "1"]

1. e4 a6 2. a4 c5 3. Nc3 e6 4. Bc4 Nf6 5. d3 d5 6. Ba2 Nc6 7. f4 Nb4 8. Bb1 b6 9. Nf3 dxe4 10. Nxe4 Bb7 11. c3 Nxd3+ 12. Qxd3 Bxe4 13. Qe2 Bxb1 14. Rxb1 Bd6 15. f5 O-O 16. fxe6 Re8 17. Ng5 fxe6 18. O-O Qc7 19. h3 Qc6 20. Be3 Bc7 21. Rxf6 gxf6 22. Nxh7 Be5 23. Qg4+ Kxh7 24. Qh5+ Kg8 25. Qg6+ Kh8 26. Qh6+ Kg8 27. Qg6+ Kh8 28. Qh6+ Kg8 29. Qg6+ 1/2-1/2


[Site "https://www.chess.com"]

[Event "Titled Tuesday Blitz August 22 Early 2023"]
[White "Vakhlamov, Igor L."]
[Black "Vachier-Lagrave, Maxime"]
[WhiteFideId "24126748"]
[BlackFideId "623539"]
[WhiteElo "2800"]
[BlackElo "3138"]
[Result "0-1"]
[Round "3"]
[TimeControl "180+1"]
[Date "2023.08.22"]
[WhiteClock "0:00:04"]
[BlackClock "0:00:24"]
[Board "2"]

1. e4 e5 2. Nf3 Nc6 3. Nc3 Nf6 4. Bb5 Bd6 5. a3 O-O 6. d3 a6 7. Bc4 b5 8. Ba2 Be7 9. Nd5 d6 10. O-O Rb8 11. h3 h6 12. Be3 Be6 13. Nh2 Nd4 14. c3 Bxd5 15. cxd4 Bxa2 16. Rxa2 exd4 17. Bxd4 c5 18. Bc3 d5 19. e5 Ne8 20. d4 Nc7 21. Ba5 Qd7 22. Bxc7 Qxc7 23. Ra1 cxd4 24. Qxd4 Qc4 25. Rad1 Rfd8 26. Qa7 Bc5 27. Qxa6 Ra8 28. Qb7 Ra7 29. b3 Rxb7 30. bxc4 bxc4 31. Ng4 d4 32. Rc1 c3 33. Rfd1 Bxa3 34. Rc2 Rb2 35. Rxc3 dxc3 36. Rxd8+ Kh7 37. Ne3 c2 38. Nxc2 Rxc2 39. Rd7 Kg6 40. f4 Bc5+ 41. Kh1 Rc1+ 42. Kh2 Bg1+ 43. Kg3 Rc3+ 44. Rd3 Rxd3+ 45. Kh4 Bf2+ 46. g3 Bxg3+ 47. Kg4 h5# 0-1


[Site "https://www.chess.com"]

[Event "Titled Tuesday Blitz August 22 Early 2023"]
[White "Nihal Sarin"]
[Black "Gorovets, Andrey"]
[WhiteFideId "25092340"]
[BlackFideId "13504037"]
[WhiteElo "3128"]
[BlackElo "2793"]
[Result "1-0"]
[Round "3"]
[TimeControl "180+1"]
[Date "2023.08.22"]
[WhiteClock "0:01:54"]
[BlackClock "0:00:32"]
[Board "3"]

1. b3 d6 2. Bb2 Nd7 3. d4 Ngf6 4. Nf3 g6 5. e3 Bg7 6. Be2 O-O 7. O-O b6 8. d5 Bb7 9. c4 c6 10. dxc6 Bxc6 11. Nc3 Ne4 12. Rc1 Nxc3 13. Bxc3 Nf6 14. Nd4 Bb7 15. Bf3 Qd7 16. h3 Rfc8 17. Qe2 a6 18. Rfd1 Rab8 19. Bb2 Bxf3 20. Nxf3 Qb7 21. Rc2 b5 22. Rdc1 Ne4 23. Bxg7 Kxg7 24. cxb5 Rxc2 25. Qxc2 axb5 26. Nd4 Nc5 27. b4 Ne6 28. Nxe6+ fxe6 29. Ra1 Rc8 30. Qb2+ Kf7 31. a4 bxa4 32. Rxa4 Qb5 33. Ra1 Qd3 34. b5 Rc2 35. Qh8 Qxb5 36. Qxh7+ Kf6 37. Ra8 Qh5 38. Rf8+ Ke5 39. Qg7+ Kd5 40. Qd4+ Kc6 41. Rc8+ 1-0


[Site "https://www.chess.com"]

[Event "Titled Tuesday Blitz August 22 Early 2023"]
[White "Cherniaiev, Tykhon"]
[Black "So, Wesley"]
[WhiteFideId "14182360"]
[BlackFideId "5202213"]
[WhiteElo "2793"]
[BlackElo "3111"]
[Result "0-1"]
[Round "3"]
[TimeControl "180+1"]
[Date "2023.08.22"]
[WhiteClock "0:00:02"]
[BlackClock "0:00:06"]
[Board "4"]

1. Nf3 c5 2. c4 Nf6 3. g3 d5 4. cxd5 Nxd5 5. Bg2 Nc6 6. O-O e5 7. d3 Be7 8. Nc3 Be6 9. Bd2 Nc7 10. a3 O-O 11. Rc1 Rc8 12. Be3 Qd7 13. Qa4 b5 14. Qd1 f5 15. Ng5 Bxg5 16. Bxg5 Nd4 17. b4 cxb4 18. axb4 f4 19. Ne4 h6 20. Bh4 Na6 21. Rxc8 Rxc8 22. e3 Rc1 23. Qxc1 Ne2+ 24. Kh1 Nxc1 25. Rxc1 fxe3 26. fxe3 Qxd3 27. Nc5 Qxe3 28. Rd1 Nxc5 29. bxc5 Qxc5 30. g4 Bxg4 31. Rd8+ Kf7 32. Bd5+ Kg6 33. Be4+ Kh5 34. Bg3 Qc4 35. Bg2 Qc1+ 36. Bf1 Qxf1# 0-1


[Site "https://www.chess.com"]

[Event "Titled Tuesday Blitz August 22 Early 2023"]
[White "Firouzja, Alireza"]
[Black "Adewumi, Tanitoluwa"]
[WhiteFideId "12573981"]
[BlackFideId "30966396"]
[WhiteElo "3107"]
[BlackElo "2791"]
[Result "1-0"]
[Round "3"]
[TimeControl "180+1"]
[Date "2023.08.22"]
[WhiteClock "0:00:02"]
[BlackClock "0:00:02"]
[Board "5"]

1. e4 c6 2. Nc3 d5 3. Qf3 dxe4 4. Nxe4 Nf6 5. Bc4 Nbd7 6. d4 e6 7. c3 Nxe4 8. Qxe4 Bd6 9. Nf3 O-O 10. Bg5 Nf6 11. Qe2 h6 12. Bh4 b5 13. Bd3 Bb7 14. O-O a6 15. Rfe1 c5 16. Rad1 Qe7 17. Ne5 g5 18. Bg3 cxd4 19. cxd4 Rad8 20. h4 Kg7 21. Rf1 Nd5 22. hxg5 hxg5 23. f4 f5 24. Rde1 g4 25. Nxg4 Rh8 26. Nh2 Rde8 27. Qf2 Qf6 28. Bc2 Qh6 29. Bb3 Nxf4 30. Re3 Qg5 31. d5 Nh3+ 32. gxh3 f4 33. Ng4 fxg3 34. Qf7# 1-0


[Site "https://www.chess.com"]

[Event "Titled Tuesday Blitz August 22 Early 2023"]
[White "Krzyzanowski, Marcin"]
[Black "Erigaisi Arjun"]
[WhiteFideId "1132199"]
[BlackFideId "35009192"]
[WhiteElo "2780"]
[BlackElo "3057"]
[Result "0-1"]
[Round "3"]
[TimeControl "180+1"]
[Date "2023.08.22"]
[WhiteClock "0:00:01"]
[BlackClock "0:01:25"]
[Board "6"]

1. e4 c6 2. Nc3 d5 3. Nf3 Bg4 4. h3 Bh5 5. exd5 cxd5 6. d4 e6 7. Bb5+ Nc6 8. g4 Bg6 9. Ne5 Ne7 10. h4 h6 11. Qf3 h5 12. Nxg6 Nxg6 13. Bg5 hxg4 14. Qxg4 Be7 15. O-O-O Qd6 16. Bxe7 Kxe7 17. Ne2 Kf8 18. h5 Nge7 19. Rdg1 Nf5 20. Bxc6 Qxc6 21. Ng3 Nh6 22. Qf4 Rc8 23. c3 b5 24. Ne2 b4 25. Rh3 a5 26. Kb1 a4 27. Qe5 Nf5 28. Ng3 Nd6 29. h6 Rxh6 30. Rxh6 gxh6 31. Nh5 bxc3 32. Qf6 Ne8 33. Qxh6+ Ke7 34. Qg5+ Kd7 35. Rc1 Qb6 36. Rc2 Qxd4 37. Qg1 Rb8 38. Qc1 Rxb2+ 39. Rxb2 cxb2 40. Qc2 Nd6 41. Ng3 Nb5 42. Ne2 Na3# 0-1


[Site "https://www.chess.com"]

[Event "Titled Tuesday Blitz August 22 Early 2023"]
[White "Bortnyk, Olexandr"]
[Black "Kushko, Dmitriy"]
[WhiteFideId "14120828"]
[BlackFideId "14162261"]
[WhiteElo "3054"]
[BlackElo "2771"]
[Result "1-0"]
[Round "3"]
[TimeControl "180+1"]
[Date "2023.08.22"]
[WhiteClock "0:00:07"]
[BlackClock "0:00:00"]
[Board "7"]

1. d4 f5 2. Bg5 g6 3. e3 Bg7 4. Bc4 d5 5. Be2 Nh6 6. c4 Nf7 7. Bh4 c5 8. Nf3 cxd4 9. Nxd4 Nc6 10. Nxc6 bxc6 11. Nc3 d4 12. exd4 Qxd4 13. Qxd4 Bxd4 14. Bg3 e5 15. f4 e4 16. O-O-O Bf6 17. h4 Rb8 18. Na4 O-O 19. Bf2 a6 20. h5 Nd8 21. hxg6 hxg6 22. Rd6 Kg7 23. b3 Be7 24. Bd4+ Kf7 25. Rh7+ Ke8 26. Rxg6 Ne6 27. Bh5 Kd8 28. Be5 Rb7 29. Kc2 c5 30. Rxe6 Bxe6 31. Nxc5 Rb6 32. Bd4 Rc6 33. Nb7+ Kd7 34. Bc5 1-0


[Site "https://www.chess.com"]

[Event "Titled Tuesday Blitz August 22 Early 2023"]
[White "Dubov, Daniil"]
[Black "Kosteniuk, Alexandra"]
[WhiteFideId "24126055"]
[BlackFideId "4128125"]
[WhiteElo "3039"]
[BlackElo "2754"]
[Result "1-0"]
[Round "3"]
[TimeControl "180+1"]
[Date "2023.08.22"]
[WhiteClock "0:00:20"]
[BlackClock "0:00:04"]
[Board "8"]

1. c4 e5 2. g3 Nf6 3. Bg2 d5 4. cxd5 Nxd5 5. Nc3 Nb6 6. Nf3 Nc6 7. O-O Be7 8. a3 O-O 9. b4 Be6 10. Rb1 f6 11. b5 Nd4 12. e3 Nxf3+ 13. Bxf3 Qc8 14. d4 Rd8 15. Re1 a6 16. Qc2 axb5 17. Rxb5 Bc4 18. Rb1 Bxa3 19. Bxa3 Rxa3 20. Be4 Qh3 21. dxe5 fxe5 22. Rbd1 Rf8 23. Bxb7 Rxc3 24. Qxc3 Qf5 25. Rd2 e4 26. Qd4 Bd3 27. Rc1 Qf7 28. Bxe4 Bxe4 29. Qxe4 h5 30. Qf4 Qe6 31. Qxc7 h4 32. Qc6 Qb3 33. Qc2 Qb5 34. Rb1 Qa5 35. Qb3+ 1-0


[Site "https://www.chess.com"]

[Event "Titled Tuesday Blitz August 22 Early 2023"]
[White "Lei, Tingjie"]
[Black "Grischuk, Alexander"]
[WhiteFideId "8605114"]
[BlackFideId "4126025"]
[WhiteElo "2750"]
[BlackElo "3039"]
[Result "1/2-1/2"]
[Round "3"]
[TimeControl "180+1"]
[Date "2023.08.22"]
[WhiteClock "0:00:15"]
[BlackClock "0:00:09"]
[Board "9"]

1. e4 e6 2. d4 d5 3. exd5 exd5 4. Nf3 Nc6 5. Bb5 Bd6 6. O-O Ne7 7. Re1 O-O 8. h3 Bf5 9. c3 a6 10. Bd3 Qd7 11. Bxf5 Nxf5 12. Nbd2 Rae8 13. Rxe8 Rxe8 14. Nf1 Nd8 15. Qd3 f6 16. Bd2 c6 17. b3 Nf7 18. Re1 Rxe1 19. Bxe1 Bc7 20. Ne3 Nxe3 21. Qxe3 Nd6 22. Qd3 Qe6 23. Kf1 g5 24. Qe2 Kf7 25. Qxe6+ Kxe6 26. Ke2 h5 27. Kd3 Nf5 28. g3 Ne7 29. Bd2 Ng6 30. a4 Kf5 31. Ke2 g4 32. hxg4+ Kxg4 33. Nh2+ Kh3 34. Nf3 Kg4 35. Nh2+ Kh3 36. Nf3 f5 37. Ng5+ Kg4 38. Ne6 Bd6 39. Nd8 b5 40. Nxc6 f4 41. axb5 axb5 42. gxf4 Bxf4 43. Bxf4 Nxf4+ 44. Ke3 Ng2+ 45. Ke2 Nf4+ 46. Ke3 Ng2+ 47. Ke2 Nf4+ 1/2-1/2


[Site "https://www.chess.com"]

[Event "Titled Tuesday Blitz August 22 Early 2023"]
[White "Martinez Alcantara, Jose Eduardo"]
[Black "Weetik, Vjacheslav"]
[WhiteFideId "3805662"]
[BlackFideId "4153472"]
[WhiteElo "3034"]
[BlackElo "2750"]
[Result "1-0"]
[Round "3"]
[TimeControl "180+1"]
[Date "2023.08.22"]
[WhiteClock "0:00:04"]
[BlackClock "0:00:02"]
[Board "10"]

1. e4 e5 2. Nf3 Nc6 3. Nc3 Nf6 4. h3 g6 5. Bc4 Bg7 6. d3 d6 7. a3 O-O 8. O-O Be6 9. Bxe6 fxe6 10. Ne2 Nh5 11. Ng3 Nf4 12. c3 h6 13. b4 Qe8 14. Be3 g5 15. d4 Qg6 16. b5 Na5 17. dxe5 dxe5 18. Qa4 b6 19. Nh2 h5 20. Rfd1 Rf7 21. Rd2 Raf8 22. Rad1 Bh6 23. Rd8 g4 24. hxg4 h4 25. Bxf4 Bxf4 26. Ngf1 Bxh2+ 27. Nxh2 Rxf2 28. Qb4 c5 29. bxc6 Nxc6 30. Rxf8+ Rxf8 31. Qc4 Na5 32. Qe2 Rf4 33. Rd8+ Kg7 34. Rd7+ Kh6 35. Qe1 Qf6 36. Qe2 a6 37. Rd6 b5 38. Rxa6 Nc4 39. a4 Qg6 40. axb5 Rxe4 41. Qf2 Rf4 42. Qxh4+ Kg7 43. Ra7+ Rf7 44. Rxf7+ Kxf7 45. Qf2+ Ke8 46. Nf3 Qxg4 47. Qc5 Qe4 48. Qc8+ Ke7 49. Qc7+ Kf6 50. Qd8+ Kg7 51. Qe7+ Kh8 52. Qf8+ Kh7 53. Ng5+ 1-0


[Site "https://www.chess.com"]

[Event "Titled Tuesday Blitz August 22 Early 2023"]
[White "Leiva, Gianmarco"]
[Black "Bluebaum, Matthias"]
[WhiteFideId "3804399"]
[BlackFideId "24651516"]
[WhiteElo "2731"]
[BlackElo "3024"]
[Result "1/2-1/2"]
[Round "3"]
[TimeControl "180+1"]
[Date "2023.08.22"]
[WhiteClock "0:00:04"]
[BlackClock "0:00:46"]
[Board "11"]

1. e4 e6 2. Qe2 Be7 3. Nf3 d5 4. d3 Nf6 5. g3 c5 6. Bg2 Nc6 7. O-O O-O 8. Nbd2 a5 9. Re1 a4 10. a3 h6 11. e5 Nh7 12. h4 f5 13. exf6 Nxf6 14. c4 Bd6 15. Nb1 dxc4 16. dxc4 e5 17. Nc3 Bg4 18. Qd3 Nd4 19. Nxd4 exd4 20. Nd5 Nxd5 21. Bxd5+ Kh8 22. Qg6 Qf6 23. Qxf6 Rxf6 24. Bd2 Raf8 25. f4 b6 26. Kg2 g5 27. hxg5 hxg5 28. Rh1+ Kg7 29. Raf1 Re8 30. Re1 Rxe1 31. Rxe1 gxf4 32. Bxf4 Bxf4 33. gxf4 d3 34. Bf3 Rxf4 35. Bxg4 Rxg4+ 36. Kf3 Rxc4 37. Ke3 Rd4 38. Kd2 Kf6 39. Re8 c4 40. Rb8 Rd6 41. Rc8 b5 42. Rc5 Rb6 43. Rh5 Ke7 44. Rg5 Kd8 45. Rh5 Kc7 46. Rh7+ Kb8 47. Rh8+ Ka7 48. Rh5 Ka6 49. Kc3 Rd6 50. Rh2 Re6 51. Kd2 Ka5 52. Rg2 Rf6 53. Rh2 Rf1 54. Rg2 Rb1 55. Ke3 Rc1 56. Rh2 Rc2 57. Rxc2 dxc2 58. Kd2 Kb6 59. Kxc2 Kc6 60. Kc1 Kd5 61. Kd1 Ke4 62. Ke2 b4 63. Kd2 bxa3 64. bxa3 Kd4 65. Kc2 c3 66. Kc1 Kd5 67. Kd1 Kc5 68. Kc1 Kb5 69. Kb1 Kc4 70. Kc2 Kd4 71. Kc1 Kd3 72. Kd1 Ke4 73. Kc2 Kd4 1/2-1/2


[Site "https://www.chess.com"]

[Event "Titled Tuesday Blitz August 22 Early 2023"]
[White "Sadhwani, Raunak"]
[Black "Hulka, Valentyn"]
[WhiteFideId "35093487"]
[BlackFideId "34107061"]
[WhiteElo "3023"]
[BlackElo "2727"]
[Result "1-0"]
[Round "3"]
[TimeControl "180+1"]
[Date "2023.08.22"]
[WhiteClock "0:00:37"]
[BlackClock "0:00:05"]
[Board "12"]

1. e4 c5 2. Nf3 Nc6 3. Bb5 Nf6 4. Nc3 g6 5. e5 Nh5 6. Bxc6 dxc6 7. h3 Ng7 8. d3 Ne6 9. O-O Bg7 10. Re1 O-O 11. Be3 Nd4 12. Bf4 b6 13. Nxd4 cxd4 14. Ne4 c5 15. Qd2 Bb7 16. Bh6 Qd5 17. Bxg7 Kxg7 18. Qg5 Rae8 19. Qg3 Bc6 20. Re2 h6 21. b3 Qe6 22. Nd2 Kh7 23. Rae1 Qf5 24. a3 Bd5 25. f3 g5 26. Qf2 Kg7 27. b4 Rc8 28. bxc5 bxc5 29. Nf1 Rfd8 30. Ng3 Qg6 31. f4 gxf4 32. Qxf4 Kh7 33. Nf5 Rc7 34. e6 Rg8 35. exf7 Bxf7 36. Qxc7 Qxf5 37. Rxe7 1-0


[Site "https://www.chess.com"]

[Event "Titled Tuesday Blitz August 22 Early 2023"]
[White "Koellner, Ruben Gideon"]
[Black "Le, Tuan Minh"]
[WhiteFideId "12993093"]
[BlackFideId "12401153"]
[WhiteElo "2723"]
[BlackElo "3010"]
[Result "0-1"]
[Round "3"]
[TimeControl "180+1"]
[Date "2023.08.22"]
[WhiteClock "0:00:07"]
[BlackClock "0:00:06"]
[Board "13"]

1. d4 d5 2. Nf3 Nf6 3. Nbd2 c6 4. e3 Bf5 5. Ne5 h6 6. Bd3 e6 7. Bxf5 exf5 8. c4 Bd6 9. Nef3 O-O 10. O-O Re8 11. Qc2 g6 12. cxd5 cxd5 13. Qb3 Qe7 14. Nb1 Nc6 15. Nc3 Rad8 16. Bd2 Bb8 17. Rac1 Rd7 18. Na4 Ne4 19. Nc5 Nxc5 20. Rxc5 Red8 21. Rfc1 g5 22. Qd3 Qe6 23. b4 Bd6 24. b5 Ne7 25. R5c2 Ng6 26. Qb3 g4 27. Ne1 Kh7 28. Ba5 Re8 29. Bb4 Bb8 30. g3 Qe4 31. Qd3 h5 32. Qxe4 fxe4 33. Rc8 Rdd8 34. Rxd8 Rxd8 35. Ng2 Kg7 36. Kf1 Kf6 37. a4 Ke6 38. a5 Kd7 39. Ke2 Bd6 40. Bxd6 Kxd6 41. a6 bxa6 42. Rc6+ Ke7 43. Rxa6 Rd7 44. Kd2 Rb7 45. Ra5 Kd6 46. Kc3 Rc7+ 47. Kb3 Ke6 48. Ra6+ Ke7 49. Ra5 Kf6 50. b6 axb6 51. Rxd5 Rc1 52. Rxh5 Rf1 53. Nf4 Rxf2 54. Nd5+ Kg7 55. Kc4 Rf3 56. Rg5 Kh6 57. Rxg4 f5 58. Rh4+ Nxh4 59. gxh4 Rh3 60. Kb5 f4 61. exf4 e3 62. Nxe3 Rxe3 63. Kxb6 Kg6 64. d5 Kf7 65. h5 Ke7 66. h6 Kd6 67. f5 Rh3 68. f6 Rxh6 69. f7 Rf6 70. h4 Rxf7 71. h5 Rh7 72. h6 Rxh6 73. Kb5 Kxd5 74. Kb4 Rc6 75. Kb3 0-1


[Site "https://www.chess.com"]

[Event "Titled Tuesday Blitz August 22 Early 2023"]
[White "Matinian, Nikita"]
[Black "Van Foreest, Jorden"]
[WhiteFideId "24129100"]
[BlackFideId "1039784"]
[WhiteElo "2720"]
[BlackElo "3004"]
[Result "0-1"]
[Round "3"]
[TimeControl "180+1"]
[Date "2023.08.22"]
[WhiteClock "0:00:00"]
[BlackClock "0:00:36"]
[Board "14"]

1. e4 g6 2. d4 Bg7 3. Nc3 d6 4. Be3 a6 5. g4 Nd7 6. h4 h6 7. h5 g5 8. Nge2 b5 9. Ng3 e6 10. Qd2 Nb6 11. b3 Nf6 12. f3 Bb7 13. O-O-O Nfd7 14. f4 gxf4 15. Bxf4 c5 16. Bxd6 Bxd4 17. Nce2 Be5 18. Bg2 Qg5 19. Kb1 Qxd2 20. Rxd2 Bxd6 21. Rxd6 Ke7 22. Rhd1 Rad8 23. Kc1 Nc8 24. R6d2 Rhg8 25. Bh3 Bc6 26. Ng1 Ne5 27. Rxd8 Rxd8 28. Rxd8 Kxd8 29. Kd2 Nd6 30. Ke3 Ke7 31. Nf3 Nxf3 32. Kxf3 Kf6 33. Kf4 e5+ 34. Ke3 Kg5 35. Kf3 b4 36. Bf1 a5 37. Ba6 Bd7 38. Nf5 Bxf5 39. exf5 f6 40. Bd3 Kh4 41. Ba6 Nf7 42. Be2 Ng5+ 43. Ke3 Kg3 44. Kd3 Kf2 45. Bd1 e4+ 46. Kd2 Nh3 47. a4 bxa3 48. Kc3 Ke1 0-1


[Site "https://www.chess.com"]

[Event "Titled Tuesday Blitz August 22 Early 2023"]
[White "Tabatabaei, M. Amin"]
[Black "Shoker, Samy"]
[WhiteFideId "12521213"]
[BlackFideId "627143"]
[WhiteElo "2998"]
[BlackElo "2715"]
[Result "1-0"]
[Round "3"]
[TimeControl "180+1"]
[Date "2023.08.22"]
[WhiteClock "0:00:14"]
[BlackClock "0:00:00"]
[Board "15"]

1. Nf3 Nf6 2. c4 d6 3. d4 g6 4. Nc3 Bf5 5. Qb3 b6 6. g3 Nc6 7. Bg2 Bg7 8. O-O O-O 9. Nh4 Bd7 10. Qd1 e5 11. d5 Na5 12. Qd3 Nb7 13. e4 Nc5 14. Qc2 a5 15. b3 Nh5 16. Qe2 Nf4 17. Qc2 Nxg2 18. Nxg2 f5 19. f3 Qe7 20. Be3 Rf7 21. a3 fxe4 22. fxe4 Rxf1+ 23. Rxf1 Bh3 24. b4 axb4 25. axb4 Nd7 26. Nb5 Nf6 27. Bg5 h6 28. Bxf6 Bxf6 29. Nxc7 Qxc7 30. Rxf6 Ra1+ 31. Rf1 Qa7 32. Qf2 Rxf1+ 33. Qxf1 b5+ 34. Qf2 Qa1+ 35. Qe1 Qd4+ 36. Qe3 bxc4 37. Qxd4 exd4 38. b5 Bc8 39. b6 Kf7 40. Kf2 Kf6 41. Kf3 g5 42. Ne1 Ke5 43. g4 d3 44. Ke3 Ba6 45. Nf3+ Kf6 46. Kd4 Ke7 47. Nd2 Kd7 48. Nb1 Kc8 49. e5 1-0


[Site "https://www.chess.com"]

[Event "Titled Tuesday Blitz August 22 Early 2023"]
[White "Morefield, Jason"]
[Black "Xiong, Jeffery"]
[WhiteFideId "30920825"]
[BlackFideId "2047640"]
[WhiteElo "2714"]
[BlackElo "2994"]
[Result "0-1"]
[Round "3"]
[TimeControl "180+1"]
[Date "2023.08.22"]
[WhiteClock "0:00:01"]
[BlackClock "0:01:20"]
[Board "16"]

1. e4 e6 2. d4 d5 3. Nc3 Bb4 4. e5 b6 5. Qg4 Bf8 6. Bg5 Qd7 7. h4 h6 8. Be3 Ne7 9. h5 Ba6 10. Bxa6 Nxa6 11. Nh3 c5 12. dxc5 bxc5 13. O-O-O Rb8 14. Qa4 Qxa4 15. Nxa4 Nf5 16. Bd2 Be7 17. Nf4 Kd7 18. c4 dxc4 19. Bc3+ Kc6 20. g4 Nd4 21. Bxd4 cxd4 22. Rxd4 Rb4 23. Nc3 Rhb8 24. Rhd1 Nc5 25. Nfe2 Nd3+ 26. R1xd3 cxd3 27. Rxd3 Rxb2 28. Nd4+ Kc7 29. Nc2 Bg5+ 30. Kd1 Rd8 31. Rxd8 Kxd8 32. a3 Bf4 33. Na4 Rb5 34. Ke2 Bxe5 0-1


[Site "https://www.chess.com"]

[Event "Titled Tuesday Blitz August 22 Early 2023"]
[White "Zhao, Jun"]
[Black "Svane, Rasmus"]
[WhiteFideId "8602522"]
[BlackFideId "4657101"]
[WhiteElo "2714"]
[BlackElo "2978"]
[Result "0-1"]
[Round "3"]
[TimeControl "180+1"]
[Date "2023.08.22"]
[WhiteClock "0:00:00"]
[BlackClock "0:00:29"]
[Board "17"]

1. d4 d5 2. Nf3 e6 3. Bf4 Bd6 4. e3 Ne7 5. Nbd2 c5 6. c3 Nbc6 7. Bg3 Nf5 8. Bd3 Nxg3 9. hxg3 h6 10. Qe2 Qe7 11. dxc5 Bxc5 12. e4 d4 13. e5 dxc3 14. bxc3 Bd7 15. Ne4 Rc8 16. g4 Kd8 17. Rb1 Kc7 18. O-O f6 19. Rb5 Bb6 20. Rfb1 Nxe5 21. Nxe5 Bxb5 22. Rxb5 fxe5 23. a4 Qa3 24. a5 Bxa5 25. Nc5 Qxc3 26. Rxb7+ Kc6 27. Be4+ Kxc5 28. Qb5+ Kd4 29. Rd7+ Kxe4 30. Qe2+ Kf4 31. g3+ Kg5 32. Rxg7+ Kf6 33. Rxa7 Qe1+ 34. Qxe1 Bxe1 0-1


[Site "https://www.chess.com"]